 Dungeon Crawl Stone Soup version 0.29.1 (webtiles) character file.

Game seed: 1978605393032139268

457 testman the Shooter (level 7, -4/53 (56) HPs)
             Began as a Formicid Hunter on Sept 12, 2022.
             Was an Initiate of Gozag.
             Splashed by a jelly's acid (5 damage)
             ... on level 5 of the Dungeon.
             The game lasted 00:10:23 (3588 turns).

testman the Shooter (Formicid Hunter)               Turns: 3588, Time: 00:10:24

HP:   -4/53 (56)    AC: -4    Str: 20    XL:     7   Next: 27%
MP:   7/7           EV: 12    Int:  8    God:    Gozag
Gold: 309           SH:  0    Dex: 19    Spells: 6/6 levels left

rFire   . . .      SeeInvis +   a - +0 shortbow
rCold   . . .      Faith    .   (no shield)
rNeg    . . .      Spirit   .   k - +2 ring mail of the Conjuring Gods {Fly rElec Str+4}
rPois   .          Reflect  .   (helmet unavailable)
rElec   +          Harm     .   (no cloak)
rCorr   .          Rampage  .   (no gloves)
Will    .....                   (no boots)
Stlth   ++........              (no amulet)
HPRegen 0.17/turn               (no ring)
MPRegen 0.10/turn               (no ring)

@: corroded, flying, drained
A: permanent stasis, dig shafts and tunnels, antennae 3, four strong arms
a: Dig, Shaft Self, Renounce Religion, Potion Petition, Call Merchant, Bribe
Branch


You were on level 5 of the Dungeon.
You worshipped Gozag.
Gozag was aware of your devotion.
You visited 1 branch of the dungeon, and saw 5 of its levels.

You collected 387 gold pieces.
You paid 78 gold pieces to Gozag.

Inventory:

Hand Weapons
 a - a +0 shortbow (weapon)
Armour
 c - a +0 leather armour
 k - the +2 ring mail of the Conjuring Gods (worn) {Fly rElec Str+4}
   (You found it on level 3 of the Dungeon)

   Str:       It affects your strength (+4).
   rElec:     It insulates you from electricity.
   Fly:       It grants you flight.
Jewellery
 l - a ring of protection from fire
Wands
 p - a wand of light (4)
Scrolls
 b - 2 scrolls of immolation
 d - 3 scrolls of teleportation {unknown}
 e - 8 scrolls of identify {unknown}
 h - a scroll of amnesia {unknown}
 j - 2 scrolls of noise {unknown}
 m - a scroll of blinking {unknown}
 o - a scroll of brand weapon {unknown}
 q - a scroll of fog {unknown}
 r - a scroll of fear {unknown}
 s - a scroll of magic mapping {unknown}
Potions
 f - a potion of heal wounds
 g - 3 potions of curing {unknown}
 i - 2 potions of brilliance
 n - a potion of lignification {unknown}
 t - a potion of might {unknown}


   Skills:
 + Level 5.3 Fighting
 + Level 6.0 Ranged Weapons
 - Level 1.0 Armour
 - Level 2.6 Dodging
 - Level 2.9 Stealth


You had 6 spell levels left.
You didn't know any spells.
Your spell library contained the following spells:

 Spells                   Type           Power      Damage    Failure   Level
 Ozocubu's Armour         Ice            0%         N/A       91%         3
 Ozocubu's Refrigeration  Ice            0%         4d7       100%        7


Dungeon Overview and Level Annotations

Branches:
Dungeon (5/15)
 Temple: D:4-7

Altars:
Fedhas
Gozag
Qazlal
Vehumet


Innate Abilities, Weirdness & Mutations

You cannot be hasted, slowed, berserked, paralysed or teleported.
You can dig through walls and to a lower floor.
You have a pair of large antennae on your head. (SInv)
Your four strong arms can wield two-handed weapons with a shield.


Message History

The jelly completely misses you.
You are too injured to fight recklessly!
You are too injured to fight recklessly!
You are too injured to fight recklessly!
Fire: a) +0 shortbow
Press: ? - help, Q - select action, (/) - cycle Shift-Dir - straight line, f/p - jelly
Aim: a jelly (lightly wounded, 91% to hit)
You shoot an arrow. The arrow hits the jelly.
The jelly is lightly wounded.
The jelly hits you. The acid corrodes you!
You are splashed with acid!
* * * LOW HITPOINT WARNING * * *
Fire: a) +0 shortbow
Press: ? - help, Q - select action, (/) - cycle Shift-Dir - straight line, f/p - jelly
Aim: a jelly (lightly wounded, 91% to hit)
You shoot an arrow.
The arrow hits the jelly but does no damage.
The jelly is lightly wounded.
The jelly hits you.
* * * LOW HITPOINT WARNING * * *
The acid corrodes you!
You are splashed with acid!
* * * LOW HITPOINT WARNING * * *
Fire: a) +0 shortbow
Press: ? - help, Q - select action, (/) - cycle Shift-Dir - straight line, f/p - jelly
Aim: a jelly (lightly wounded, 91% to hit)
You shoot an arrow.
The arrow hits the jelly but does no damage.
The jelly is lightly wounded.
The jelly barely misses you.
Okay, then.
Fire: a) +0 shortbow
Press: ? - help, Q - select action, (/) - cycle Shift-Dir - straight line, f/p - jelly
Aim: a jelly (lightly wounded, 91% to hit)
You shoot an arrow. The arrow barely misses the jelly.
The arrow hits the necrophage but does no damage.
The necrophage is severely damaged.
The jelly closely misses you. The jelly hits you.
* * * LOW HITPOINT WARNING * * *
The acid corrodes you!
You are splashed with acid.
You die...
Your body crumbles into a pile of gold.

#...#########
#............ ..
##........... . ..
####......... ..#.#
#............
.......###........
...# #........
..###.#####........
..[.....nJ@.#######
..####..#####
##..$# .......
..........
#..........
#........$.
##.........
##...##...


You could see a necrophage and a jelly.

Vanquished Creatures
  A sky beast (D:3)
  A centaur (D:4)
  A scorpion (D:4)
  A jelly (D:4)
  An orc priest (D:4)
  An iguana (D:4)
  An orc wizard (D:4)
  3 adders
  A worm (D:2)
  4 dart slugs
  2 orcs
  2 bats (D:1)
  5 endoplasms
  A giant cockroach (D:1)
  7 goblins
  9 hobgoblins
  12 jackals
  5 quokkas
  7 ball pythons
  A frilled lizard (D:1)
  11 kobolds
  4 rats
81 creatures vanquished.

Vanquished Creatures (others)
  A kobold (D:3)
1 creature vanquished.

Grand Total: 82 creatures vanquished

Notes
Turn   | Place    | Note
-------+----------+-------------------------------------------
     0 | D:1      | testman the Formicid Hunter began the quest for the Orb.
     0 | D:1      | Reached XP level 1. HP: 16/16 MP: 1/1
    27 | D:1      | Reached XP level 2. HP: 23/23 MP: 2/2
   381 | D:1      | Reached XP level 3. HP: 28/28 MP: 3/3
   998 | D:2      | Reached XP level 4. HP: 31/34 MP: 4/4
  1249 | D:2      | Found a faded altar of an unknown god.
  1953 | D:3      | Identified the +2 ring mail of the Conjuring Gods {Fly
                  | rElec Str+4}
  2056 | D:3      | Found a stormy altar of Qazlal.
  2057 | D:3      | Noticed a sky beast
  2063 | D:3      | Killed a sky beast
  2064 | D:3      | Reached skill level 1 in Armour
  2064 | D:3      | Reached XP level 5. HP: 42/42 MP: 5/5
  2117 | D:3      | Found a radiant altar of Vehumet.
  2190 | D:3      | Found a blossoming altar of Fedhas.
  2705 | D:4      | Reached skill level 5 in Ranged Weapons
  2705 | D:4      | Reached XP level 6. HP: 48/48 MP: 6/6
  2912 | D:4      | Found an opulent altar of Gozag.
  2915 | D:4      | Became a worshipper of Gozag Ym Sagoz the Greedy
  2951 | D:4      | Identified the +0 chain mail "Boihir" {rC+ Regen+ Int+4}
  3186 | D:4      | Reached XP level 7. HP: 55/55 MP: 7/7
  3258 | D:4      | Reached skill level 5 in Fighting
  3327 | D:4      | Reached skill level 6 in Ranged Weapons
  3557 | D:5      | Entered Level 5 of the Dungeon
  3588 | D:5      | HP: 1/53 [jelly (3)]
  3588 | D:5      | Splashed by a jelly's acid

Illustrated notes

Levels and vault maps discovered:
D:1:      wander_arrival_desolate, layout_rooms, serial_corexii_hall,
          chequers_hall_statues_wall_a, corexii_hall_statues_l,
          corexii_hall_statues_x, minmay_misc_feat_tiny
D:2:      layout_basic, nicolae_ecumenical_oubliette, minmay_tromino_v4_b
D:3:      layout_basic, mainiacjoe_overflow_alcove_1,
          mainiacjoe_overflow_24_doors, fiery_altar_vehumet,
          nicolae_elevator_lobby_asterisk
D:4:      minmay_door_path, layout_rooms, kennysheep_mini
D:5:      layout_rooms, mainiacjoe_overflow_alcove_2, slow_altar_2,
          minmay_temple_entry_stoned_glass, gup_sewer_entry_bubbles,
          uniq_prince_ribbit1

Skill      XL: |  1  2  3  4  5  6  7 |
---------------+----------------------+-----
Dodging        | 2 |  2.6
Stealth        | 2 |  2.9
Fighting       | 3 4 5 |  5.3
Armour         | 1 |  1.0
Ranged Weapons | 5 6 |  6.0

Action                   |  1- 3 |  4- 6 |  7- 9 || total
-------------------------+-------+-------+-------++-------
 Fire: Shortbow          |    91 |   111 |    38 ||   240
  Use: Potion            |       |     2 |       ||     2
Armor: Leather armour    |    11 |    11 |       ||    22
       Ring mail         |       |    12 |     7 ||    19
Dodge: Dodged            |    38 |    58 |    16 ||   112
